 Dungeon Crawl Stone Soup version 0.17-a0-1378-g281efdd (webtiles) character file.

217868 Crabhammer the Eclecticist (level 18, -27/93 HPs)
             Began as a Spriggan Enchanter on June 10, 2015.
             Was the Champion of Vehumet.
             Killed from afar by Jory (84 damage)
             ... with a crystal spear
             ... on level 2 of the Vaults on June 15, 2015.
             The game lasted 05:24:14 (51454 turns).

Crabhammer the Eclecticist (Spriggan Enchanter)    Turns: 51454, Time: 05:24:14

Health: -27/93     AC: 18    Str:  4    XL:     18   Next: 40%
Magic:  26/31      EV: 34    Int: 29    God:    Vehumet [******]
Gold:   2618       SH:  9    Dex: 25    Spells: 10 memorised, 15 levels left

rFire  + . .     SeeInvis +     c - +6 dagger of Desertification {pierce, rC++ MP-9 Dex+4}
rCold  + + +     Clarity  .     p - +2 robe {rC+ rF+}
rNeg   . . .     SustAt   .     E - +0 buckler
rPois  +         Gourm    .     F - +2 hat {Int+3}
rElec  +         Spirit   .     i - +2 cloak of the Onion {+Fly rElec Int+4}
rCorr  +         Warding  .     (gloves unavailable)
rMut   .         Stasis   .     (boots unavailable)
MR     ++++.                    v - amulet of resist corrosion
Stlth  ++++++++..               j - ring of poison resistance
                                u - ring of protection from magic

@: icy armour, very quick, incredibly resistant to hostile enchantments,
extraordinarily stealthy
A: unfitting armour, see invisible, agile 1, herbivore 3, speed 3, slow
metabolism 2
a: Renounce Religion, Evoke Flight
}: 1/15 runes: gossamer


You were on level 2 of the Vaults.
You worshipped Vehumet.
Vehumet was exalted by your worship.
You were full.

You visited 6 branches of the dungeon, and saw 35 of its levels.
You also visited: Labyrinth, Ossuary, Bailey, Ice Cave and Volcano.

You collected 4360 gold pieces.
You spent 1742 gold pieces at shops.

Inventory:

Hand weapons
 c - the +6 dagger of Desertification (weapon) {pierce, rC++ MP-9 Dex+4}
   (You found it on level 10 of the Dungeon)

   It inflicts extra damage upon your enemies.
   It affects your dexterity (+4).
   It greatly protects you from cold.
   It affects your magic capacity (-9).
Armour
 i - the +2 cloak of the Onion (worn) {+Fly rElec Int+4}
   (You acquired it on level 6 of the Dungeon)

   It affects your intelligence (+4).
   It insulates you from electricity.
   It lets you fly.
 p - a +2 robe of resistance (worn)
 E - a +0 buckler (worn)
 F - a +2 hat of intelligence (worn)
 U - the +1 cloak "Buothrie" {rN+++ Str+2 Int-4 Dex-3}
   (You found it on level 4 of the Spider Nest)

   It affects your strength (+2).
   It affects your intelligence (-4).
   It affects your dexterity (-3).
   It renders you almost immune to negative energy.
Magical staves
 a - an uncursed staff of earth
 C - an uncursed staff of energy
Rods
 I - a +4 rod of the swarm (13/13)
   (You found it on level 10 of the Dungeon)
Jewellery
 j - a ring of poison resistance (right hand)
 u - a ring of protection from magic (left hand)
 v - an amulet of resist corrosion (around neck)
 P - an uncursed amulet of stasis
Magical devices
 r - a wand of invisibility (5)
 R - a wand of cold (7)
 T - a wand of disintegration (12)
Scrolls
 e - 29 scrolls of identify
 f - 7 scrolls of teleportation
 h - 3 scrolls of fog
 k - 11 scrolls of remove curse
 l - 2 scrolls of blinking
 s - 2 scrolls of fear
 y - 5 scrolls of magic mapping
 O - a scroll of holy word
Potions
 b - a potion of cancellation
 n - 18 potions of curing
 x - 4 potions of heal wounds
 z - 4 potions of haste
 A - 8 potions of flight
 J - 2 potions of magic
 M - 3 potions of brilliance
 V - 2 potions of resistance
 W - 4 potions of ambrosia
Comestibles
 d - 12 bread rations


   Skills:
 * Level 10.1 Fighting
 - Level 10.0 Short Blades
 + Level 13.5 Dodging
 - Level 15.8 Stealth
 - Level 6.4 Shields
 + Level 17.6 Spellcasting
 * Level 9.3 Conjurations
 + Level 17.4 Hexes
 + Level 9.0 Charms
 * Level 9.4 Translocations
 + Level 3.1 Ice Magic
 + Level 1.3 Air Magic
 - Level 0.8 Poison Magic
 + Level 1.8 Evocations


You had 15 spell levels left.
You knew the following spells:

 Your Spells              Type           Power        Failure   Level  Hunger
a - Dazzling Spray        Conj/Hex       #######.     1%          3    None
b - Ensorcelled Hibernat  Hex/Ice        ######       1%          2    None
c - Confuse               Hex            #######.     0%          3    None
d - Orb of Destruction    Conj           ######....   10%         7    ####...
e - Sting                 Conj/Pois      ####         1%          1    None
f - Bolt of Magma         Conj/Fire/Erth #####.....   4%          5    None
g - Sticky Flame          Conj/Fire      ######..     1%          4    None
i - Lightning Bolt        Conj/Air       ######....   2%          5    None
x - Force Lance           Conj/Tloc      ######..     1%          4    None
z - Ozocubu's Armour      Chrm/Ice       ######..     1%          3    None


Dungeon Overview and Level Annotations

Branches:
Dungeon (15/15)            Temple (1/1) D:7            Lair (8/8) D:8
 Shoals (0/4) Lair:4       Spider (4/4) Lair:4        Slime (0/6) Lair:8
    Orc (4/4) D:11            Elf (0/3) Orc:3        Vaults (3/5) D:14
 Depths (0/5) D:15
  Crypt: Vaults:2-3

Altars:
Ashenzari
Cheibriados
Dithmenos
Elyvilon
Fedhas
Gozag
Kikubaaqudgha
Makhleb
Nemelex Xobeh
Okawaru
Qazlal
Ru
Sif Muna
Trog
Vehumet
Xom
Yredelemnul
Zin
The Shining One
Beogh
Jiyva

Shops:
D:4 ?   D:11 (   Orc:4 *%?(**?(   Vaults:2 (

Portals:
Hell: Lair:8

Annotations:
D:14 Norris
Spider:4 Arachne
Vaults:2 Jory


Innate Abilities, Weirdness & Mutations

You are tiny and cannot use many weapons and most armour.
You have supernaturally acute eyesight.
You are a herbivore.
You cover ground extremely quickly.
You need consume almost no food.
You are agile. (Dex +2)


Message History

The sticky flame hits Jory.
Jory is lightly damaged.
Jory is covered in liquid flames!
Jory burns!
Jory hits you with a great sword!! Jory bites you.
Jory draws strength from your injuries!
Jory burns!
Jory burns!
Jory blinks!
Jory burns!
Jory blinks!
Jory burns!
Jory burns!
Jory blinks!
You hit Jory but do no damage.
Jory is lightly damaged.
Jory burns!
Jory points at you and mumbles some strange words.
The crystal spear hits you!
Ouch! That really hurt!
You die...

#....!..#......#.............
#.......#......#.............
#.......#......#.............
#.......#......#.............
#.......#####'##.............
#............................
#............................
#............................
#.........V.@..ยง.............
#.........#########.........#
#.........####.####....###..#
#.........#.##.##.'...##.#..#
#.........#..#.#..#..##..#.(#
#.........##.....##.##...#..#
#.........###...#####....#..#
#.........##.....###..>..#..#
#.........#..#.#z.'......'..#


You could see Jory (burning).

Vanquished Creatures
  A shard shrike (shapeshifter) (Vaults:1)
  Nikola (Spider:4)
  Asterion (Spider:1)
  Gastronok (D:8)
  Frances (D:12)
  A fire giant (D:15)
  A frost giant (IceCv)
  Maud (Lair:4)
  A vault warden (Vaults:3)
  7 emperor scorpions (Spider:4)
  An orc warlord (Vaults:1)
  6 ironheart preservers (Vaults:1)
  2 stone giants (Vaults:2)
  Nessos (D:12)
  A deep elf demonologist (Vaults:1)
  A dire elephant (Lair:8)
  A minotaur (Lab)
  A fire dragon (Vaults:1)
  An ettin (Vaults:2)
  5 yaktaur captains
  2 great orbs of eyes (Vaults:2)
  Fannar (D:11)
  Harold (Orc:1)
  3 entropy weavers
  9 hydras
  A salamander stormcaller (Vaults:3)
  2 catoblepae
  Erolcha (D:8)
  5 centaur warriors
  4 ogre magi
  6 death yaks
  3 deep troll shamans (Vaults:1)
  5 tengu warriors
  4 orc high priests
  A sun demon (Lair:8)
  Nergalle (Orc:1)
  2 unseen horrors (D:15)
  7 deep trolls
  3 fire crabs
  A skeletal warrior (Vaults:1)
  A shadow wraith (Vaults:2)
  13 orc knights
  2 ice statues
  An obsidian statue (D:10)
  12 harpies
  3 ironbrand convokers
  A wolf spider zombie (D:14)
  A necromancer (Vaults:2)
  6 hill giants
  A lindwurm (Lair:2)
  A manticore (D:14)
  2 wizards
  9 orb spiders
  A salamander (shapeshifter) (Vaults:2)
  13 ugly things
  6 cyclopes
  5 orc sorcerers
  A frost giant zombie (Vaults:2)
  3 black mambas
  4 griffons
  7 hornets
  20 wolf spiders
  A smoke demon (Lair:8)
  18 elephants
  A sixfirhy (Lair:8)
  Maurice (D:8)
  A black mamba (shapeshifter) (D:14)
  7 vault sentinels
  13 spiny frogs
  2 molten gargoyles (Volcano)
  2 gargoyles
  5 orange demons (Lair:8)
  Psyche (D:12)
  2 centaur skeletons
  2 torpor snails
  18 komodo dragons
  A human zombie (Vaults:2)
  6 demonic crawlers
  A redback zombie (Vaults:2)
  4 fire drakes
  3 deep elf priests (Vaults:1)
  An efreet (Volcano)
  18 yaktaurs
  10 trolls
  3 red devils
  A jumping spider (shapeshifter) (Vaults:1)
  A freezing wraith (Vaults:1)
  A merfolk (D:9)
  13 polar bears (IceCv)
  A queen bee (shapeshifter) (Vaults:2)
  3 boulder beetles
  20 jumping spiders
  A blink frog (shapeshifter) (Vaults:1)
  A harpy skeleton (D:14)
  A stone giant simulacrum (Vaults:2)
  7 two-headed ogres
  16 blink frogs
  14 slime creatures
  3 blue devils (Lair:8)
  8 trapdoor spiders
  4 deep elf magi
  2 water elementals (D:13)
  Sigmund (D:5)
  27 redbacks
  16 tarantellas
  A shadow (D:15)
  2 deep elf fighters
  16 humans
  Eustachio (D:4)
  68 yaks
  2 basilisks
  12 vampire mosquitoes (Vaults:1)
  3 wyverns
  3 wraiths
  Menkaure (Ossuary)
  12 hippogriffs
  11 swamp worms (Spider:3)
  4 porcupines
  8 wargs
  32 wolves
  2 hell hounds
  A mottled dragon (Vaults:1)
  20 water moccasins
  5 soldier ants
  32 orc warriors
  An eye of draining (shapeshifter) (D:13)
  29 ogres
  2 black bears
  2 necrophages
  12 ice beasts
  2 eyes of draining
  The ghost of DakoDarkAxe the Ducker, an average DsGl (D:4)
  25 centaurs
  19 crocodiles
  A crocodile (shapeshifter) (Vaults:1)
  A brain worm (Lair:8)
  15 giant frogs
  A big kobold (D:7)
  A gnoll sergeant (D:7)
  4 scorpions
  4 killer bees
  8 electric eels
  14 wights
  A giant frog zombie (D:11)
  5 hounds
  5 centaur zombies
  10 crimson imps
  4 jellies
  A lava snake (Volcano)
  31 orc wizards
  A quasit (D:9)
  A gnoll shaman (D:8)
  30 orc priests
  Ijyb (D:1)
  9 iguanas
  2 giant frog skeletons
  Terence (D:3)
  Natasha (D:4)
  2 hell rats (Lair:7)
  22 sheep
  8 worker ants
  A hound zombie (D:8)
  2 mummies (Ossuary)
  A hound skeleton (D:4)
  A worker ant zombie (D:8)
  Robin (D:3)
  6 gnolls
  11 adders
  58 river rats
  3 shadow imps
  An adder zombie (D:5)
  11 worms
  5 giant geckos
  223 orcs
  23 bats
  A bat skeleton (D:5)
  A bat zombie (D:5)
  5 giant cockroaches
  38 goblins
  27 hobgoblins
  29 kobolds
  2 quokkas
  A giant gecko skeleton (D:9)
  3 giant newts
  2 gnoll skeletons (Ossuary)
  3 goblin skeletons (Ossuary)
  2 goblin zombies (Ossuary)
  4 hobgoblin skeletons (Ossuary)
  2 hobgoblin zombies (Ossuary)
  12 jackals
  A jackal skeleton (D:5)
  2 kobold skeletons (Ossuary)
  5 kobold zombies (Ossuary)
  An orc skeleton (Ossuary)
  4 orc zombies (Ossuary)
  22 rats
  2 rat skeletons (Ossuary)
  4 rat zombies (Ossuary)
  A fungus (Lair:8)
1507 creatures vanquished.

Vanquished Creatures (collateral kills)
  A redback (Spider:4)
1 creature vanquished.

Vanquished Creatures (others)
  A wolf spider (Spider:1)
  2 trapdoor spiders (Spider:4)
  2 orc wizards (Orc:2)
  A mummy (Ossuary)
  3 orcs
  A gnoll zombie (Ossuary)
  2 gnoll skeletons (Ossuary)
  A goblin skeleton (Ossuary)
  3 goblin zombies (Ossuary)
  4 hobgoblin skeletons (Ossuary)
  2 hobgoblin zombies (Ossuary)
  A kobold zombie (Ossuary)
  4 rat skeletons (Ossuary)
  A rat zombie (Ossuary)
  2 fungi
  3 plants
33 creatures vanquished.

Grand Total: 1541 creatures vanquished

Notes
Turn   | Place    | Note
--------------------------------------------------------------
     0 | D:1      | Crabhammer the Spriggan Enchanter began the quest for the Orb.
     0 | D:1      | Reached XP level 1. HP: 9/9 MP: 5/5
   216 | D:1      | Reached XP level 2. HP: 8/13 MP: 4/7
   771 | D:1      | Learned a level 2 spell: Ensorcelled Hibernation
   985 | D:2      | Found a bloodstained altar of Trog.
   989 | D:2      | Found a shimmering altar of Xom.
   992 | D:2      | Found a shattered altar of Ashenzari.
  1024 | D:2      | Noticed Ijyb
  1033 | D:2      | Reached XP level 3. HP: 16/16 MP: 6/9
  1123 | D:1      | Killed Ijyb
  1204 | D:1      | Learned a level 3 spell: Confuse
  1318 | D:2      | Reached XP level 4. HP: 21/21 MP: 8/11
  1690 | D:2      | Reached skill level 5 in Hexes
  2108 | D:3      | Noticed Terence
  2130 | D:3      | Killed Terence
  2130 | D:3      | Reached XP level 5. HP: 24/24 MP: 10/13
  2197 | D:3      | Reached skill level 5 in Spellcasting
  2374 | D:3      | Found a stormy altar of Qazlal.
  2416 | D:3      | Noticed Robin
  3006 | D:3      | Killed Robin
  3515 | D:4      | Found Goufem's Magic Scroll Emporium.
  3537 | D:3      | Learned a level 3 spell: Dazzling Spray
  4199 | D:4      | Noticed DakoDarkAxe's ghost (average DsGl)
  4497 | D:4      | Noticed Eustachio
  4524 | D:4      | Killed Eustachio
  4524 | D:4      | Reached skill level 5 in Stealth
  4524 | D:4      | Reached skill level 6 in Spellcasting
  4524 | D:4      | Reached XP level 6. HP: 22/29 MP: 14/16
  4644 | D:4      | Killed DakoDarkAxe's ghost
  4644 | D:4      | Reached skill level 1 in Fighting
  4680 | D:4      | Found a burning altar of Makhleb.
  4722 | D:4      | Reached XP level 7. HP: 33/33 MP: 13/18
  4868 | D:4      | Noticed Natasha
  4908 | D:4      | Killed Natasha
  5054 | D:5      | Entered Level 5 of the Dungeon
  5149 | D:5      | Reached skill level 7 in Spellcasting
  5466 | D:5      | Noticed Sigmund
  5470 | D:5      | Killed Sigmund
  5532 | D:5      | Reached XP level 8. HP: 37/37 MP: 20/20
  5737 | D:6      | Identified a scroll of acquirement
  5738 | D:6      | Got a warped cloak
  5744 | D:6      | Identified the +2 cloak of the Onion {+Fly rElec Int+4} (You acquired it on level 6 of the Dungeon)
  5821 | D:6      | Found a sand-covered staircase.
  5829 | Ossuary  | Entered an ossuary
  6328 | Ossuary  | Noticed Menkaure
  6335 | Ossuary  | Killed Menkaure
  6504 | D:6      | Reached skill level 8 in Stealth
  7192 | D:6      | Got a bone trident
  7223 | D:6      | Reached skill level 9 in Spellcasting
  7638 | D:7      | Learned a level 3 spell: Tukima's Dance
  7769 | D:7      | Found a stormy altar of Qazlal.
  8304 | D:7      | Reached XP level 9. HP: 35/42 MP: 19/23
  8420 | D:7      | Found a blossoming altar of Fedhas.
  8741 | D:7      | Found a staircase to the Ecumenical Temple.
  8746 | Temple   | Entered the Ecumenical Temple
  8784 | Temple   | Became a worshipper of Vehumet
  9175 | D:8      | Reached skill level 10 in Spellcasting
  9562 | D:8      | Acquired Vehumet's first power
  9562 | D:8      | Offered knowledge of Magic Dart by Vehumet.
  9695 | D:8      | Reached skill level 10 in Stealth
  9872 | D:8      | Found a staircase to the Lair.
  9879 | D:8      | Reached skill level 5 in Short Blades
  9911 | D:8      | Reached skill level 1 in Shields
  9923 | D:8      | Found a white marble altar of Elyvilon.
 10004 | D:8      | Offered knowledge of Sting by Vehumet.
 10017 | D:8      | Noticed Gastronok
 10103 | D:8      | Killed Gastronok
 10103 | D:8      | Reached skill level 5 in Shields
 10103 | D:8      | Reached XP level 10. HP: 47/47 MP: 21/25
 10129 | D:8      | Learned a level 1 spell: Sting
 10180 | D:8      | Noticed Maurice
 10196 | D:8      | Killed Maurice
 10427 | D:8      | Noticed Erolcha
 10430 | D:8      | Killed Erolcha
 10430 | D:8      | Reached skill level 1 in Conjurations
 10784 | D:9      | Reached skill level 11 in Stealth
 11251 | D:9      | Offered knowledge of Static Discharge by Vehumet.
 11256 | D:9      | Learned a level 3 spell: Static Discharge
 11514 | D:10     | Entered Level 10 of the Dungeon
 11581 | D:10     | Noticed an obsidian statue
 11584 | D:10     | Noticed a rust devil
 11587 | D:10     | Noticed a soul eater
 11729 | D:10     | Noticed a soul eater
 11738 | D:10     | HP: 1/49 [soul eater/drain life[an obsidian statue] (17)]
 12349 | D:10     | Killed an obsidian statue
 12394 | D:10     | Got an ivory dagger
 12410 | D:10     | Identified the +6 dagger of Desertification {pierce, rC++ MP-9 Dex+4} (You found it on level 10 of the Dungeon)
 12411 | D:10     | Identified a +4 rod of the swarm (13/13) (You found it on level 10 of the Dungeon)
 12864 | D:10     | Reached XP level 11. HP: 27/53 MP: 10/26
 13211 | D:10     | Acquired Vehumet's second power
 13539 | D:11     | Found a staircase to the Orcish Mines.
 13599 | D:11     | Found Gukeyscha's Weapon Shop.
 13606 | D:11     | Noticed Fannar
 13609 | D:11     | Killed Fannar
 13701 | D:11     | Offered knowledge of Sticky Flame by Vehumet.
 13712 | D:11     | Reached skill level 12 in Stealth
 14042 | D:11     | Learned a level 4 spell: Sticky Flame
 14061 | D:11     | Upgraded the game from 0.17-a0-1324-ga541562 to 0.17-a0-1337-ge651487
 14155 | D:12     | Noticed Nessos
 14162 | D:12     | Killed Nessos
 14162 | D:12     | Reached skill level 10 in Hexes
 14168 | D:12     | Noticed a hill giant
 14176 | D:12     | Killed a hill giant
 14198 | D:12     | Found a labyrinth entrance.
 14210 | Lab      | Entered a labyrinth
 15559 | Lab      | Noticed a minotaur
 15562 | Lab      | Killed a minotaur
 15595 | D:12     | Identified a +4 rod of inaccuracy (10/10) (You found it in a labyrinth)
 15596 | D:12     | Identified a +2 rod of inaccuracy (11/11) (You found it in a labyrinth)
 15637 | D:12     | Noticed Frances
 15642 | D:12     | Killed Frances
 15642 | D:12     | Reached skill level 5 in Fighting
 15642 | D:12     | Reached skill level 13 in Stealth
 15695 | D:12     | Reached XP level 12. HP: 58/60 MP: 19/28
 15756 | D:12     | Noticed Psyche
 15766 | D:12     | Killed Psyche
 15883 | D:12     | Noticed a hill giant
 15891 | D:12     | Killed a hill giant
 15891 | D:12     | Acquired Vehumet's third power
 16424 | D:12     | Found a deep blue altar of Sif Muna.
 16475 | D:12     | Offered knowledge of Venom Bolt by Vehumet.
 16482 | D:12     | Learned a level 5 spell: Venom Bolt
 16570 | D:13     | Noticed a centaur warrior
 16960 | D:13     | Reached skill level 14 in Stealth
 17101 | D:13     | Reached skill level 5 in Dodging
 17636 | D:13     | Killed a centaur warrior
 18156 | D:14     | Found a gate to the Vaults.
 18156 | D:14     | Noticed Norris
 18333 | D:14     | Reached XP level 13. HP: 57/65 MP: 21/30
 18359 | D:14     | Offered knowledge of Lightning Bolt by Vehumet.
 18957 | D:14     | Found a sacrificial altar of Ru.
 18969 | D:14     | Reached skill level 15 in Stealth
 18992 | D:14     | Noticed a four-headed hydra
 18995 | D:14     | Killed a four-headed hydra
 19038 | D:14     | Reached skill level 5 in Conjurations
 20786 | Lair:1   | Entered Level 1 of the Lair of Beasts
 21147 | Lair:1   | Learned a level 5 spell: Lightning Bolt
 21346 | Lair:1   | Got a crude quarterstaff
 21716 | Lair:1   | Identified the cursed +3 quarterstaff of Dusits {crush, Dex+2} (You found it on level 1 of the Lair of Beasts)
 21724 | Lair:1   | Learned a level 3 spell: Ozocubu's Armour
 21812 | Lair:2   | Found a dark tunnel.
 21824 | Volcano  | Entered a volcano
 22038 | Volcano  | Found a bloodstained altar of Trog.
 22043 | Volcano  | Reached skill level 1 in Charms
 22170 | Lair:2   | Found a frozen archway.
 22178 | Lair:2   | Offered knowledge of Bolt of Magma by Vehumet.
 22233 | IceCv    | Entered an ice cave
 22409 | IceCv    | Reached XP level 14. HP: 70/70 MP: 17/32
 22437 | IceCv    | Learned a level 5 spell: Bolt of Magma
 22930 | IceCv    | Noticed a frost giant
 23003 | IceCv    | Killed a frost giant
 23871 | Lair:2   | Upgraded the game from 0.17-a0-1337-ge651487 to 0.17-a0-1368-g6ab37f2
 25187 | Lair:2   | Learned a level 4 spell: Force Lance
 25267 | Lair:4   | Noticed Maud
 25287 | Lair:4   | Killed Maud
 25480 | Lair:4   | Found a staircase to the Shoals.
 25659 | Lair:4   | Gained mutation: You are agile. (Dex +2) [potion of beneficial mutation]
 25667 | Lair:4   | Reached skill level 5 in Charms
 26297 | Lair:4   | Found a hole to the Spider Nest.
 26716 | Lair:5   | Reached skill level 10 in Dodging
 27032 | Lair:5   | Got an encrusted trident
 27059 | Lair:5   | Identified the +4 trident "Qimes" {drain, +Rage rPois MP+9 Int-5} (You found it on level 5 of the Lair of Beasts)
 27630 | Lair:6   | Offered knowledge of Freezing Cloud by Vehumet.
 27919 | Lair:6   | Reached XP level 15. HP: 75/75 MP: 23/34
 29288 | Lair:8   | Entered Level 8 of the Lair of Beasts
 29580 | Lair:8   | Found a viscous altar of Jiyva.
 29580 | Lair:8   | Found a staircase to the Slime Pits.
 29785 | Lair:8   | Reached skill level 15 in Hexes
 29961 | Lair:8   | Offered knowledge of Bolt of Fire by Vehumet.
 30456 | Lair:8   | Found a burning altar of Makhleb.
 30744 | Lair:8   | Found a gateway to Hell.
 31221 | Lair:2   | Upgraded the game from 0.17-a0-1368-g6ab37f2 to 0.17-a0-1374-gc51869c
 31412 | Orc:1    | Entered Level 1 of the Orcish Mines
 31459 | Orc:1    | Found a flagged portal.
 31484 | Bailey   | Entered a bailey
 31564 | Bailey   | Found a burning altar of Makhleb.
 31987 | Orc:1    | Noticed Harold
 32533 | Orc:1    | Killed Harold
 33062 | Orc:1    | Offered knowledge of Bolt of Cold by Vehumet.
 33165 | Orc:1    | Upgraded the game from 0.17-a0-1374-gc51869c to 0.17-a0-1378-g281efdd
 33781 | Orc:1    | Noticed Nergalle
 33932 | Orc:1    | Killed Nergalle
 34220 | Orc:3    | Offered knowledge of Ozocubu's Refrigeration by Vehumet.
 34240 | Orc:3    | Found a roughly hewn altar of Beogh.
 34618 | Orc:3    | Found a roughly hewn altar of Beogh.
 34623 | Orc:3    | Found a staircase to the Elven Halls.
 34877 | Orc:2    | Found a roughly hewn altar of Beogh.
 35321 | Orc:4    | Entered Level 4 of the Orcish Mines
 35321 | Orc:4    | Found Fuost's General Store.
 35321 | Orc:4    | Found Nysaprot's Magic Scroll Emporium.
 35325 | Orc:4    | Bought a slice of pizza for 21 gold pieces
 35325 | Orc:4    | Bought a +2 robe of resistance for 527 gold pieces
 35346 | Orc:4    | Bought a scroll of enchant armour for 105 gold pieces
 35401 | Orc:4    | Found a bloodstained altar of Trog.
 35487 | Orc:4    | Found Sophia's Food Boutique.
 35490 | Orc:4    | Reached skill level 10 in Short Blades
 35590 | Orc:4    | Found Riguotut's Antique Weapon Boutique.
 35968 | Orc:4    | Offered knowledge of Conjure Ball Lightning by Vehumet.
 36090 | Orc:4    | Found Efiawn's Antique Weapon Boutique.
 36365 | Orc:4    | Reached skill level 1 in Evocations
 36625 | Orc:4    | Reached XP level 16. HP: 81/81 MP: 22/35
 36741 | Orc:4    | Found Jiuc's Magic Scroll Boutique.
 36756 | Orc:4    | Found Gaps's Assorted Antiques.
 36796 | Orc:4    | Found Iluittas's Assorted Antiques.
 36801 | Orc:4    | Bought a hardcover book for 360 gold pieces
 36801 | Orc:4    | Bought a brown potion for 21 gold pieces
 36809 | Orc:4    | Bought a scroll labeled VUIW UVOSKY for 32 gold pieces
 36811 | Orc:4    | Bought a scroll of acquirement for 676 gold pieces
 36860 | Orc:4    | Got a blackened shadow dragon armour
 36871 | Orc:4    | Identified the +1 shadow dragon armour of the Eternal Void {rPois rN+++ Str-3 Stlth++++} (You acquired it on level 4 of the Orcish Mines)
 37334 | Lair:2   | Learned a level 7 spell: Orb of Destruction
 37472 | D:15     | Entered Level 15 of the Dungeon
 37472 | D:15     | Found a staircase to the Depths.
 38156 | D:15     | Reached skill level 15 in Spellcasting
 38655 | Spider:1 | Entered Level 1 of the Spider Nest
 38781 | Spider:1 | Noticed Asterion
 38789 | Spider:1 | Killed Asterion
 39243 | Spider:1 | Reached skill level 16 in Hexes
 39362 | Spider:1 | Reached skill level 1 in Ice Magic
 39896 | Spider:2 | Offered knowledge of Lehudib's Crystal Spear by Vehumet.
 39896 | Spider:2 | Offered knowledge of Fire Storm by Vehumet.
 39896 | Spider:2 | Offered knowledge of Tornado by Vehumet.
 40797 | Spider:3 | Reached skill level 1 in Translocations
 41987 | Spider:4 | Entered Level 4 of the Spider Nest
 42064 | Spider:4 | Noticed Nikola
 42072 | Spider:4 | Killed Nikola
 42735 | Spider:4 | Reached skill level 5 in Translocations
 42735 | Spider:4 | Reached XP level 17. HP: 78/86 MP: 25/38
 43478 | Spider:4 | Got a distressingly furry cloak
 43505 | Spider:4 | Identified the +1 cloak "Buothrie" {rN+++ Str+2 Int-4 Dex-3} (You found it on level 4 of the Spider Nest)
 43707 | Spider:4 | Got a gossamer rune of Zot
 43977 | Spider:4 | Noticed Arachne
 44565 | Vaults:1 | Entered Level 1 of the Vaults
 45643 | Vaults:1 | Noticed a Brimstone Fiend
 46722 | Vaults:1 | Reached skill level 17 in Hexes
 47859 | Vaults:1 | Noticed a shard shrike
 47870 | Vaults:1 | Killed a shard shrike
 47870 | Vaults:1 | Reached skill level 1 in Air Magic
 48621 | Vaults:2 | Reached XP level 18. HP: 93/93 MP: 29/40
 48774 | Vaults:2 | Found Ucutu's Weapon Emporium.
 50585 | Vaults:2 | Reached skill level 10 in Fighting
 51082 | Vaults:3 | Noticed Jory
 51454 | Vaults:2 | Killed from afar by Jory

Vault maps used:
D:1:      arrival_zaba_pyramid
D:2:      grunt_temple_overflow_diamond, minivault_26, uniq_iyjb
D:3:      lemuel_coloured_pillars_altar, corexii_hall_statues_u, uniq_robin,
          uniq_terence
D:4:      overflow_temple_1_default, serial_shops, shop, minmay_box_of_dots,
          uniq_natasha, uniq_eustachio
D:5:      first_bread, uniq_sigmund
D:6:      nicolae_ossuary_entry_monument, kennysheep_boxes
D:7:      temple_doors_b, basic_altar, fedhas_altar_2
D:8:      nicolae_overflow_crystal_walls, grunt_lair_entry_elf_guard_hut,
          serial_bayou, serial_bayou_crossing, serial_bayou_pond_e,
          serial_bayou_pond_b, serial_bayou_lagoon_a, uniq_maurice,
          uniq_gastronok, uniq_erolcha
D:9:      hangedman_fish_farm, serial_park_tiny_1, minmay_misc_feat_diagonals
D:10:     minivault_15
D:11:     david_orc_3, serial_shops, shop, uniq_fannar
D:12:     lab_entry_generic, lemuel_blue_sif_altar, uniq_nessos, uniq_frances,
          uniq_psyche
D:13:     minmay_misc_feat_pillars, dk_noncrumbling_3, hangedman_aviary
D:14:     david_vaults_3, nicolae_ru_sacrificial_ziggurat, serial_curves,
          eino_curves_04, eino_curves_03
D:15:     grunt_enter_depths_giant_problem
Temple:   dpeg_five_rooms_temple_12
Lair:2:   portal_ice_cave_entry_ice_beasts, nicolae_volcano_entry_vermiform
Lair:3:   beast_lair_carwin_large_1, minivault_26, serial_bayou_shore_b,
          serial_bayou_shore_b, infiniplex_staircase_pool, grunt_megastairs_2
Lair:4:   minmay_shoals_entry_centaurs, spider_nest_entry_funnel_web,
          st_stairs_4, minmay_stone_trees_small, beast_lair_carwin_5, uniq_maud
Lair:5:   st_stairs_8, lemuel_fruit_fields
Lair:7:   kennysheep_rathole, cheibrodos_lair_caveside_slide,
          serial_bayou_shore_b
Lair:8:   evil_forest, slime_altar_1
Spider:1: uniq_asterion
Spider:3: worms_lemuel
Spider:4: grunt_spider_rune_circles, uniq_nikola, uniq_arachne, uniq_norris
Orc:1:    minmay_goldmine, enter_bailey_3, amalloy_card_club, uniq_nergalle,
          uniq_harold
Orc:2:    mines2_david
Orc:3:    basic_altar, nicolae_orc_pool_cavern, mines1_david
Orc:4:    st_orc_elflike, basic_altar, serial_shops, shop, shop,
          nicolae_shop_stone, shop_coins
Vaults:1: nicolae_vaults_statue_guard, v_misc_8, hangedman_vaults_variations,
          nicolae_vaults_little_squares_2, vaults_room_ringed_pool,
          v_alt_pattern_1, vaults_room_grunt_arrival_ludios, v_misc_9,
          nicolae_vaults_yaktaur_gun_rack, ontoclasm_vaults_gateway,
          ontoclasm_vaults_ligature, hangedman_vaults_corner, v_misc_2,
          nicolae_vaults_ring_of_whatevers
Vaults:2: hangedman_vaults_slice, nicolae_vaults_angled_halls,
          nicolae_vaults_little_ls, hangedman_vaults_maws,
          nicolae_vaults_asterisk, grunt_vaults_hallway_long,
          nicolae_vaults_little_squares_3, hangedman_vaults_impose,
          ontoclasm_vaults_loading_screen, nicolae_vaults_rhombus_6,
          ontoclasm_vaults_chip, serial_shops,
          nicolae_shop_competitors_out_of_business
Vaults:3: ontoclasm_vaults_bender, nicolae_vaults_theta,
          vaults_standard_mumra_x, hangedman_vaults_corner_blocks,
          ontoclasm_vaults_ring_square, hangedman_vaults_slice, v_rooms_5,
          minmay_crypt_entry_simple_box, hangedman_vaults_unwind,
          vaults_standard_mumra_enter_the_diamond, ontoclasm_vaults_ring_square,
          v_rooms_5, vaults_room_pools, ontoclasm_vaults_hangar, uniq_xtahua,
          uniq_jory
Lab:      labyrinth_skeletal_remains
Ossuary:  ossuary_due_pyramid
Bailey:   bailey_axe_3, bailey
IceCv:    ice_cave_small_giant
Volcano:  volcano_lake

Action                   |  1- 3 |  4- 6 |  7- 9 | 10-12 | 13-15 | 16-18 || total
-------------------------+-------+-------+-------+-------+-------+-------++-------
Melee: Dagger            |    97 |   211 |   587 |   286 |  1412 |   856 ||  3449
       Short sword       |       |       |       |     4 |       |       ||     4
 Cast: Corona            |    10 |    10 |       |       |       |       ||    20
       Ensorcelled Hiber |     7 |    18 |    70 |    50 |   264 |   151 ||   560
       Confuse           |       |     3 |    50 |    47 |   177 |   254 ||   531
       Dazzling Spray    |       |       |     2 |    32 |     3 |       ||    37
       Sting             |       |       |       |    12 |    13 |       ||    25
       Sticky Flame      |       |       |       |     3 |    12 |     5 ||    20
       Venom Bolt        |       |       |       |       |    19 |       ||    19
       Ozocubu's Armour  |       |       |       |       |    15 |    74 ||    89
       Bolt of Magma     |       |       |       |       |     5 |     9 ||    14
       Lightning Bolt    |       |       |       |       |    11 |    66 ||    77
       Force Lance       |       |       |       |       |       |     1 ||     1
       Orb of Destructio |       |       |       |       |       |     4 ||     4
 Abil: Evoke Flight      |       |       |       |     1 |     5 |     2 ||     8
       Stop Flying       |       |       |       |     1 |       |       ||     1
Evoke: Wand              |       |       |       |       |     6 |     1 ||     7
       Phantom mirror    |       |       |       |       |     1 |       ||     1
       Rod               |       |       |       |       |       |     2 ||     2
  Use: Scroll            |       |     7 |     2 |     7 |     8 |    11 ||    35
       Potion            |       |     3 |     3 |     2 |     7 |     2 ||    17
 Stab: Sleeping          |     8 |    32 |    68 |   103 |   309 |   122 ||   642
       Confused          |       |     3 |    28 |    27 |   108 |   175 ||   341
       Distracted        |       |       |       |       |    12 |    14 ||    26
       Invisible         |       |       |       |       |     6 |     3 ||     9
       Petrifying        |       |       |       |       |       |     1 ||     1
  Eat: Bread ration      |       |     1 |     1 |       |     1 |     1 ||     4
       Pizza             |       |       |       |     3 |     3 |     1 ||     7
       Fruit             |       |       |       |     4 |     9 |     7 ||    20
